 Dungeon Sprint DCSS version 0.31-a0-37-g98a128e1d9 (webtiles) character file.

Game seed: 16184529662431387824

17866 bmack86 the Executioner (level 12, -1/133 HPs)
             Began as a Minotaur Berserker on May 14, 2023.
             Was a High Priest of Trog.
             Engulfed by a cloud of steam (15 damage)
             ... in the Dungeon (Sprint I: "Red Sonja").
             The game lasted 00:19:14 (1534 turns).

bmack86 the Executioner (Minotaur Berserker)        Turns: 1534, Time: 00:19:15

Health: -1/133     AC: 43    Str: 25    XL:     12   Next: 22%
Magic:  3/3        EV:  7    Int:  4    God:    Trog [*****.]
Gold:   23         SH:  0    Dex:  8    Spells: 11/11 levels left

rFire   . . .        z - +4 battleaxe (antimagic)
rCold   . . .        (shield currently unavailable)
rNeg    . . .        E - +9 crystal plate armour of the Blind Marksman {-Tele Harm rElec Slay+3}
rPois   .            (helmet unavailable)
rElec   +            j - +0 cloak
rCorr   .            p - +1 pair of gloves
SInv    .            m - +1 pair of boots {Fly}
Will    ++...        r - amulet of regeneration Stlth
                     (no ring)
HPRegen 2.22/turn    (no ring)
MPRegen 0.08/turn

%: no teleportation, harm (+30% outgoing, +20% incoming)
@: strong-willed, on berserk cooldown, flying, regenerating, slowed, unable to
drink, very slow
A: horns 3, retaliatory headbutt, clumsy 1, weak 1, inability to drink after
injury 1
a: Renounce Religion, Berserk, Trog's Hand, Brothers in Arms


You were in the Dungeon.
You worshipped Trog.
Trog was extremely pleased with you.
You visited 1 branch You collected 3184 gold pieces.
You spent 3161 gold pieces at shops.

Inventory:

Hand Weapons
 k - a +7 heavy executioner's axe
 l - a +3 heavy executioner's axe
 y - a +6 broad axe
 z - a +4 antimagic battleaxe (weapon)
Missiles
 q - 4 curare-tipped darts
Armour
 a - a +0 hat of willpower
 b - a +0 pair of boots
 j - a +0 cloak (worn)
 m - a +1 pair of boots of flying (worn)
 p - a +1 pair of gloves (worn)
 B - +0 shadow dragon scales
 E - the +9 crystal plate armour of the Blind Marksman (worn) {-Tele Harm rElec Slay+3}
   (You bought it in a shop in the Dungeon)

   Slay:      It affects your accuracy & damage with ranged weapons and melee
   (+3).
   rElec:     It insulates you from electricity.
   -Tele:     It prevents most forms of teleportation.
   Harm:      It increases damage dealt and taken.
Jewellery
 r - an amulet of regeneration (around neck)
Wands
 i - a wand of paralysis (4) (quivered)
 D - a wand of iceblast (22)
Scrolls
 h - a scroll of blinking
 w - a scroll of vulnerability
Potions
 c - 4 potions of curing
 d - a potion of heal wounds
 e - 2 potions of haste
 f - 2 potions of magic
 g - a potion of berserk rage
 u - a potion of ambrosia
 v - a potion of resistance
 A - 2 potions of flight
Miscellaneous
 o - a piece from Xom's chessboard (15/15)


   Skills:
 + Level 20.3 Fighting
 - Level 24.0 Axes
 + Level 20.1 Armour
 - Level 2.1 Dodging


You had 11 spell levels left.
You didn't know any spells.
Your spell library was empty.

Dungeon Overview and Level Annotations

Branches:
Dungeon (1/1)

Altars:
Cheibriados
Dithmenos
Elyvilon
Fedhas
Gozag
Hepliaklqana
Kikubaaqudgha
Makhleb
Nemelex Xobeh
Okawaru
Qazlal
Ru
Sif Muna
Trog
Uskayaw
Vehumet
Wu Jian
Xom
Yredelemnul
Zin
The Shining One
Jiyva
Lugonu

Shops:
D =?[**:*[[:([[**[?([[[:

Annotations:
D exclusion: oklob plant


Innate Abilities, Weirdness & Mutations

You have a pair of large horns on your head.
You reflexively headbutt those who attack you in melee.
You are clumsy. (Dex -2)
You are weak. (Str -2)
You occasionally lose the ability to drink potions when taking damage.


Message History

The jiangshi is severely damaged.
You are engulfed in a cloud of scalding steam.
The jiangshi is engulfed in a cloud of scalding steam.
The jiangshi claws you but does no damage. x2
You slice the jiangshi!!
You destroy the jiangshi!
The jiangshi disappears in a puff of smoke!
You are engulfed in a cloud of scalding steam.
You are engulfed in a cloud of scalding steam.
There is an open door here.
You feel a strong urge to attack something.
You are engulfed in a cloud of scalding steam.
Which direction?
You slam the door shut with a bang!
You are engulfed in a cloud of scalding steam.
You feel your anger nearly subside.
You are no longer berserk.
You are exhausted.
You feel yourself slow down.
Something unseen opens the door.
Which direction?
There isn't anything that you can close there!
Which direction?
There isn't anything that you can close there!
Which direction?
You reach down and close the door.
Something unseen breaks down the door.
You cannot drink potions in your current state!
Okay, then.
Your skin crawls.
You feel strong-willed.
You are engulfed in a cloud of scalding steam.
Your deep troll goes berserk!
You are engulfed in a cloud of scalding steam.
* * * LOW HITPOINT WARNING * * *
You slash something!
Your deep troll is engulfed in a cloud of scalding steam.
Something hits you but does no damage. Something bites you but does no damage.
You barely miss something.
Your deep troll bites something.
Your deep troll claws something!
Reactivating autopickup.
You are engulfed in a cloud of scalding steam.
You die...

#########################
)#§...'.§§..§§§§#§§'.§§.#
'#.####.§§§§##§§@§T#§.§.##
§#§#
##§§§#######§#.§.§.#####
.'.# ###+# #§.#...§.#§..#
#### #.# #§.##.§..#§∩[#
...# #.. #.)≈###§##.§.#
.○.+ ##.# #..≈.[#.####'#
°.○# .## #.)≈.##'#.§§.##
.°°# ##.. #..≈##..§§§§.§##
..## +###..≈#...†§§..§.#


You could see a friendly deep troll (summoned, berserk).

Vanquished Creatures
  A golden dragon (D)
  A shadow dragon (D)
  A deep elf annihilator (D)
  A hydra (D)
  2 centaur warriors (D)
  Sonja (D)
  A deep troll (D)
  A lindwurm (D)
  An oklob plant (D)
  2 shining eyes (D)
  2 merfolk sirens (D)
  A gargoyle (D)
  A demonic crawler (D)
  2 kobold demonologists (D)
  A hellwing (D)
  5 hornets (D)
  A slime creature (D)
  Sigmund (D)
  A yak (D)
  13 hogs (D)
  2 redbacks (D)
  3 floating eyes (D)
  An ogre (D)
  5 necrophages (D)
  4 jellies (D)
  Ijyb (D)
56 creatures vanquished.

Vanquished Creatures (collateral kills)
  6 shining eyes (D)
  3 demonic crawlers (D)
  4 floating eyes (D)
  2 necrophages (D)
  4 jellies (D)
19 creatures vanquished.

Vanquished Creatures (others)
  2 ballistomycete spores (D)
2 creatures vanquished.

Grand Total: 77 creatures vanquished

Notes
Turn   | Place    | Note
-------+----------+-------------------------------------------
     0 | D        | bmack86 the Minotaur Berserker began the quest for the Orb.
     0 | D        | Reached XP level 1. HP: 19/19 MP: 0/0
     3 | D        | Noticed Ijyb
     8 | D        | Killed Ijyb
     9 | D        | Reached skill level 5 in Fighting
     9 | D        | Reached skill level 6 in Axes
     9 | D        | Reached XP level 2. HP: 29/29 MP: 1/1
    49 | D        | Noticed an ogre
    53 | D        | Killed an ogre
    54 | D        | Reached skill level 8 in Axes
    54 | D        | Reached skill level 5 in Armour
    54 | D        | Reached XP level 3. HP: 38/38 MP: 2/2
    54 | D        | Reached XP level 4. HP: 45/45 MP: 3/3
    99 | D        | Noticed Sigmund
   104 | D        | Killed Sigmund
   104 | D        | Reached ** piety under Trog
   105 | D        | Reached skill level 11 in Axes
   105 | D        | Reached XP level 5. HP: 53/53 MP: 4/4
   144 | D        | Found a burning altar of Makhleb.
   144 | D        | Found a viscous altar of Jiyva.
   144 | D        | Found a shimmering altar of Xom.
   144 | D        | Found a corrupted altar of Lugonu.
   144 | D        | Noticed a slime creature
   155 | D        | Killed a slime creature
   156 | D        | Reached skill level 12 in Axes
   156 | D        | Reached XP level 6. HP: 39/63 MP: 5/5
   175 | D        | Found an ornate altar of the Wu Jian Council.
   175 | D        | Found a shimmering blue altar of Sif Muna.
   177 | D        | Found a radiant altar of Vehumet.
   211 | D        | Found Kepsyc's General Store.
   211 | D        | Found an ancient bone altar of Kikubaaqudgha.
   211 | D        | Found a hazy altar of Hepliaklqana.
   211 | D        | Found a stormy altar of Qazlal.
   211 | D        | Found a hide-covered altar of Uskayaw.
   211 | D        | Found a blossoming altar of Fedhas.
   211 | D        | Found a bloodstained altar of Trog.
   211 | D        | Found an iron altar of Okawaru.
   211 | D        | Found a basalt altar of Yredelemnul.
   211 | D        | Found a glowing golden altar of the Shining One.
   211 | D        | Found a snail-covered altar of Cheibriados.
   211 | D        | Found a sacrificial altar of Ru.
   211 | D        | Found a glowing silver altar of Zin.
   211 | D        | Found a shadowy altar of Dithmenos.
   211 | D        | Found a white marble altar of Elyvilon.
   211 | D        | Noticed a yak
   218 | D        | Killed a yak
   219 | D        | Reached skill level 10 in Fighting
   219 | D        | Reached skill level 13 in Axes
   219 | D        | Reached XP level 7. HP: 38/72 MP: 6/6
   219 | D        | Found an opulent altar of Gozag.
   220 | D        | Found a sparkling altar of Nemelex Xobeh.
   224 | D        | Bought a scroll of identify for 20 gold pieces
   224 | D        | Bought a potion of flight for 30 gold pieces
   224 | D        | Bought a +0 pair of gloves for 45 gold pieces
   224 | D        | Bought a potion of curing for 30 gold pieces
   344 | D        | Noticed Sonja
   350 | D        | Killed Sonja
   350 | D        | Reached *** piety under Trog
   351 | D        | Reached skill level 15 in Axes
   351 | D        | Reached XP level 8. HP: 82/82 MP: 7/7
   406 | D        | Found Pusaming's Jewellery Boutique.
   414 | D        | Bought an amulet of regeneration for 330 gold pieces
   431 | D        | Noticed a deep troll
   443 | D        | Killed a deep troll
   444 | D        | Reached skill level 16 in Axes
   453 | D        | Found Ykhid's Armour Emporium.
   460 | D        | Bought a +0 chain mail for 58 gold pieces
   498 | D        | Noticed a centaur warrior
   501 | D        | Noticed a centaur warrior
   507 | D        | Killed a centaur warrior
   508 | D        | Reached skill level 17 in Axes
   508 | D        | Reached XP level 9. HP: 93/93 MP: 8/8
   511 | D        | Killed a centaur warrior
   511 | D        | Reached **** piety under Trog
   512 | D        | Reached skill level 18 in Axes
   564 | D        | Noticed an oklob plant
   574 | D        | Killed an oklob plant
   575 | D        | Reached skill level 19 in Axes
   645 | D        | Reached ***** piety under Trog
   658 | D        | Reached XP level 10. HP: 102/104 MP: 9/9
   682 | D        | Received a gift from Trog
   701 | D        | Identified the +5 dagger of Sareosu {venom, rC+ rCorr}
   707 | D        | Found Tiphomah's Armour Shoppe.
   707 | D        | Found Qimann's General Store.
   707 | D        | Found Ollonoa's Armour Boutique.
   709 | D        | Found Ulier's Book Emporium.
   709 | D        | Found Zute Jau's Antique Weapon Shop.
   709 | D        | Found Rimeliutt's Antique Armour Shoppe.
   709 | D        | Found Xixock's Antique Armour Boutique.
   709 | D        | Found Qociaz's General Store.
   709 | D        | Found Pyrash's Assorted Antiques.
   709 | D        | Found Vofuonto's Armour Shoppe.
   713 | D        | Found Wofena's Magic Scroll Boutique.
   714 | D        | Found Som Pusk's Antique Armour Emporium.
   714 | D        | Found Decua's Antique Weapon Boutique.
   715 | D        | Found Efiab's Armour Emporium.
   719 | D        | Bought a scroll labelled ABUNTU NAGIN for 25 gold pieces
   719 | D        | Bought a scroll labelled BUT GAGRAZO for 25 gold pieces
   777 | D        | Reached skill level 20 in Axes
   778 | D        | Noticed an orange demon
   790 | D        | Reached skill level 15 in Fighting
   819 | D        | Noticed a demonic crawler
   819 | D        | Noticed a demonic crawler
   819 | D        | Noticed a demonic crawler
   819 | D        | Noticed a demonic crawler
   820 | D        | Killed a demonic crawler
   821 | D        | Reached skill level 15 in Armour
   821 | D        | Killed a demonic crawler
   823 | D        | Killed a demonic crawler
   824 | D        | Reached skill level 21 in Axes
   825 | D        | Killed a demonic crawler
   845 | D        | Noticed a lindwurm
   852 | D        | Killed a lindwurm
   864 | D        | Received a gift from Trog
   877 | D        | Reached skill level 22 in Axes
   877 | D        | Received a gift from Trog
   877 | D        | Reached ****** piety under Trog
   878 | D        | Reached XP level 11. HP: 106/115 MP: 10/10
   912 | D        | Noticed a 12-headed hydra
   913 | D        | Killed a 13-headed hydra
   964 | D        | Noticed a shadow dragon
   964 | D        | Noticed a golden dragon
   970 | D        | Killed a golden dragon
   971 | D        | Reached skill level 23 in Axes
   973 | D        | Killed a shadow dragon
  1047 | D        | Found Waqav's Book Shoppe.
  1227 | D        | Bought a translucent crystal plate armour for 1955 gold
                  | pieces
  1227 | D        | Identified the +9 crystal plate armour of the Blind
                  | Marksman {-Tele Harm rElec Slay+3} (You bought it in a shop
                  | in the Dungeon)
  1245 | D        | Bought an embroidered hat for 196 gold pieces
  1250 | D        | Bought a pair of boots for 126 gold pieces
  1250 | D        | Bought a cloak for 126 gold pieces
  1324 | D        | Noticed a shining eye
  1324 | D        | Noticed a shining eye
  1324 | D        | Noticed a shining eye
  1324 | D        | Noticed a shining eye
  1324 | D        | Noticed a shining eye
  1324 | D        | Noticed a shining eye
  1324 | D        | Gained mutation: You possess an exceptional clarity of
                  | mind. [a shining eye]
  1326 | D        | Gained mutation: You are robust. (+10% HP) [a shining eye]
  1326 | D        | Gained mutation: You are weak. (Str -2) [a shining eye]
  1327 | D        | Noticed a shining eye
  1327 | D        | Noticed a shining eye
  1328 | D        | Gained mutation: You occasionally lose the ability to drink
                  | potions when taking damage. [a shining eye]
  1328 | D        | Paralysed by a floating eye for 2 turns
  1328 | D        | Gained mutation: You are vulnerable to heat. (rF-) [a
                  | shining eye]
  1328 | D        | Gained mutation: You are clumsy. (Dex -2) [a shining eye]
  1329 | D        | Lost mutation: You are robust. (+10% HP) [a shining eye]
  1330 | D        | Killed a shining eye
  1331 | D        | Reached skill level 24 in Axes
  1331 | D        | Killed a shining eye
  1332 | D        | Killed a shining eye
  1333 | D        | Killed a shining eye
  1333 | D        | Killed a shining eye
  1335 | D        | Killed a shining eye
  1336 | D        | Killed a shining eye
  1337 | D        | Killed a shining eye
  1337 | D        | Received a gift from Trog
  1338 | D        | Reached XP level 12. HP: 130/130 MP: 3/11
  1346 | D        | Lost mutation: You possess an exceptional clarity of mind.
                  | [potion of mutation]
  1346 | D        | Lost mutation: You are vulnerable to heat. (rF-) [potion of
                  | mutation]
  1346 | D        | Gained mutation: You have a pair of large horns on your
                  | head. [potion of mutation]
  1351 | D        | Found Eka Ogerob's Assorted Antiques.
  1351 | D        | Found Yqug's Magic Scroll Shoppe.
  1351 | D        | Found Gecvuleu's Book Boutique.
  1351 | D        | Found Rupninih's Antique Armour Emporium.
  1378 | D        | Bought a pair of embroidered boots for 195 gold pieces
  1477 | D        | Noticed a deep elf annihilator
  1489 | D        | Noticed a mummy priest
  1496 | D        | Killed a deep elf annihilator
  1514 | D        | Noticed a jiangshi
  1521 | D        | HP: 7/199 [jiangshi[a mummy priest] (6)]
  1531 | D        | HP: 6/133 [something (7)]
  1534 | D        | Engulfed by a cloud of steam

Illustrated notes

Levels and vault maps discovered:
D:        dungeon_sprint_1 [red_sonja_temple_1, red_sonja_temple_small_1]

Skill      XL: |  1  2  3  4  5  6  7  8  9 10 11 12 |
---------------+-------------------------------------+-----
Fighting       | 5 6 8 9 10 11 13 14 16 19 20 | 20.3
Axes           | 6 8 11 12 13 15 17 19 22 24 | 24.0
Armour         | 4 5 7 8 9 11 12 14 16 19 20 | 20.1
Dodging        | |  2.1

Action                     |  1- 3 |  4- 6 |  7- 9 | 10-12 || total
---------------------------+-------+-------+-------+-------++-------
  Melee: Hand axe          |     7 |     3 |       |       ||    10
         Headbutt          |     2 |     3 |    11 |    14 ||    30
         Halberd           |       |    12 |       |       ||    12
         Trident           |       |     7 |    55 |    18 ||    80
         Punch             |       |       |     2 |       ||     2
         Executioner's axe |       |       |       |    50 ||    50
         Battleaxe         |       |       |       |    31 ||    31
 Invoke: Berserk           |     2 |     1 |     3 |     4 ||    10
         Brothers in Arms  |       |       |     1 |     8 ||     9
         Trog's Hand       |       |       |       |     2 ||     2
  Evoke: Wand              |       |       |     1 |       ||     1
    Use: Scroll            |       |       |     3 |     3 ||     6
         Potion            |       |       |     1 |     1 ||     2
   Stab: Paralysed         |       |       |     3 |       ||     3
         Distracted        |       |       |       |     1 ||     1
 Armour: Leather armour    |       |     2 |     2 |       ||     4
         Chain mail        |       |       |    21 |    68 ||    89
         Crystal plate arm |       |       |       |    56 ||    56
  Dodge: Dodged            |     1 |    10 |    22 |    64 ||    97

Table legend: (Time is in decaauts)
 A = Elapsed time spent in this place.
 B = Non-inter-level travel time spent in this place.
 C = Inter-level travel time spent in this place.
 D = Time resting spent in this place.
 E = Time spent auto-exploring this place.
 F = Levels seen in this place.
 G = Mean time per level.
                   A        B        C        D        E       F      G
               +--------+--------+--------+--------+--------+-----+--------+
         Total |   1614 |   1572 |     42 |    318 |      0 |   1 | 1614.0 |
       Dungeon |   1614 |   1572 |     42 |    318 |      0 |   1 | 1614.0 |
               +--------+--------+--------+--------+--------+-----+--------+

Top non-repeatable levels by time:
       D: 1614 daAuts
